 Dungeon Crawl Stone Soup version 0.29-a0-477-g62b78b4225 (webtiles) character file.

Game seed: 13566364096154412908

81 greasedhog the Chopper (level 4, -1/39 HPs)
             Began as a Hill Orc Monk on May 24, 2022.
             Slain by a black bear (6 damage)
             ... on level 4 of the Dungeon.
             The game lasted 00:03:03 (3278 turns).

greasedhog the Chopper (Hill Orc Monk)              Turns: 3278, Time: 00:03:04

Health: -1/39      AC:  8    Str: 15    XL:     4   Next: 42%
Magic:  4/4        EV: 11    Int: 10    God:
Gold:   148        SH:  0    Dex: 16    Spells: 3/3 levels left

rFire   . . .      SeeInvis .   a - +1 hand axe
rCold   . . .      Faith    .   (no shield)
rNeg    . . .      Spirit   .   n - +0 ring mail
rPois   .          Reflect  .   (no helmet)
rElec   .          Harm     .   o - +0 cloak
rCorr   .          Rampage  .   l - +1 pair of gloves {Dex+3}
Will    .....                   (no boots)
Stlth   +.........              (no amulet)
HPRegen 0.13/turn               (no ring)
MPRegen 0.09/turn               (no ring)

@: no status effects
A: no striking features
a: no special abilities


You were on level 4 of the Dungeon.
You visited 1 branch of the dungeon, and saw 4 of its levels.

You collected 148 gold pieces.

Inventory:

Hand Weapons
 a - a +1 hand axe (weapon)
Armour
 l - a +1 pair of gloves of dexterity (worn)
 n - a +0 ring mail (worn)
 o - a +0 cloak (worn)
Wands
 e - a wand of digging (1)
Scrolls
 d - 2 scrolls of teleportation
Potions
 b - a potion of invisibility {unknown}
 c - a potion of ambrosia
 f - a potion of heal wounds {unknown}
 g - a potion of magic {unknown}
 h - a potion of lignification {unknown}
 i - 2 potions of haste {unknown}
 j - 2 potions of flight {unknown}
 k - a potion of cancellation {unknown}
 m - 2 potions of curing {unknown}
 p - a potion of attraction {unknown}
 q - a potion of degeneration {unknown}


   Skills:
 - Level 3.6 Fighting
 * Level 6.1 Axes
 - Level 3.0 Dodging
 - Level 1.5 Stealth


You had 3 spell levels left.
You didn't know any spells.
Your spell library contained the following spells:

 Spells                   Type           Power      Damage    Failure   Level
 Slow                     Hex            0%         N/A       58%         1
 Confusing Touch          Hex            0%         N/A       92%         3
 Vampiric Draining        Necr           0%         2d6       92%         3


Dungeon Overview and Level Annotations

Branches:
Dungeon (4/15)
 Temple: D:4-7

Altars:
Ashenzari
Fedhas
Gozag
Makhleb
Okawaru
Xom
Zin


Message History

The black bear claws you but does no damage.
The black bear bites you!
The black bear claws you but does no damage. x2
You hit the black bear but do no damage.
The black bear is severely wounded.
The black bear bites you but does no damage.
The black bear claws you.
The black bear claws you but does no damage.
You hit the black bear.
The black bear is almost dead.
The black bear bites you but does no damage.
The black bear claws you.
The black bear claws you but does no damage.
The black bear bites you but does no damage.
The black bear claws you.
The black bear claws you but does no damage.
You hit the black bear.
The black bear is almost dead.
The black bear bites you but does no damage.
The black bear barely misses you. The black bear closely misses you.
You barely miss the black bear.
The black bear is almost dead.
The black bear bites you but does no damage.
The black bear claws you but does no damage.
The black bear barely misses you. The black bear bites you!
The black bear closely misses you.
The black bear claws you but does no damage.
You barely miss the black bear.
The black bear is almost dead.
The black bear bites you.
* * * LOW HITPOINT WARNING * * *
The black bear claws you but does no damage.
The black bear completely misses you.
Unknown command.
You hit the black bear.
The black bear is almost dead.
The black bear bites you!
* * * LOW HITPOINT WARNING * * *
The black bear closely misses you. The black bear claws you.
You die...

##.###..#<............
...#.##>#.............
......................
...#.................#
≈.##..#..............#
§##...............[...
##...#..........###.
#####.......##...# #
###.....#.h@## #
#...............# ##
#...#.#####....... .#
##...### ##.....
######....## ....#
.....##....### ...#
............... .##
...#..###..#... ..
...#### #..#....


You could see a black bear (berserk).

Vanquished Creatures
  3 adders
  An ufetubus (D:3)
  A worm (D:2)
  2 dart slugs
  An orc (D:3)
  3 endoplasms
  5 giant cockroaches (D:3)
  3 hobgoblins (D:1)
  2 quokkas
  2 ball pythons (D:3)
  5 bats
  4 frilled lizards
  3 goblins (D:1)
  6 kobolds
  4 rats
45 creatures vanquished.

Vanquished Creatures (others)
  4 toadstools (D:1)
4 creatures vanquished.

Grand Total: 49 creatures vanquished

Notes
Turn   | Place    | Note
-------+----------+-------------------------------------------
     0 | D:1      | greasedhog the Hill Orc Monk began the quest for the Orb.
     0 | D:1      | Reached XP level 1. HP: 19/19 MP: 1/1
   268 | D:1      | Found a faded altar of an unknown god.
   367 | D:1      | Reached XP level 2. HP: 24/26 MP: 2/2
  1560 | D:2      | Reached XP level 3. HP: 31/31 MP: 3/3
  1888 | D:2      | Reached skill level 5 in Axes
  2064 | D:3      | Found a shimmering altar of Xom.
  2360 | D:3      | Reached XP level 4. HP: 37/39 MP: 4/4
  2392 | D:3      | Found a broken altar of Ashenzari.
  2472 | D:3      | Found an iron altar of Okawaru.
  2529 | D:3      | Found a blossoming altar of Fedhas.
  2751 | D:3      | Found an opulent altar of Gozag.
  2822 | D:3      | Found a glowing silver altar of Zin.
  3075 | D:4      | Noticed a black bear
  3092 | D:3      | Reached skill level 6 in Axes
  3194 | D:4      | Found a burning altar of Makhleb.
  3278 | D:4      | Slain by a black bear

Illustrated notes

Levels and vault maps discovered:
D:1:      ldierk_walled_garden_2, layout_loops_ring,
          ebering_ecumenical_altar_webs
D:2:      layout_loops_corners
D:3:      layout_loops_ring, pdpol_temple_overflow_zin_treasury_gozag_greed,
          fedhas_altar_4, okawaru_metal_pillars_3, xom_butterflies,
          ashenzari_conservatory_becter
D:4:      layout_cave_pools, minitemple, minmay_temple_entry_fiery

Skill      XL: |  1  2  3  4 |
---------------+-------------+-----
Axes           | 5 6 |  6.1
Dodging        | 3 |  3.0
Fighting       | |  3.6
Stealth        | |  1.5

Action                   |  1- 3 |  4- 6 || total
-------------------------+-------+-------++-------
Melee: Hand axe          |   119 |    54 ||   173
       Punch             |     1 |     1 ||     2
  Use: Scroll            |     5 |       ||     5
 Stab: Sleeping          |     6 |     1 ||     7
Armor: Robe              |    16 |       ||    16
       Ring mail         |    11 |    40 ||    51
       Leather armour    |     3 |       ||     3
Dodge: Dodged            |    54 |    62 ||   116

Table legend: (Time is in decaauts)
 A = Elapsed time spent in this place.
 B = Non-inter-level travel time spent in this place.
 C = Inter-level travel time spent in this place.
 D = Time resting spent in this place.
 E = Time spent auto-exploring this place.
 F = Levels seen in this place.
 G = Mean time per level.
                   A        B        C        D        E       F      G
               +--------+--------+--------+--------+--------+-----+--------+
         Total |   3286 |   3087 |    199 |      0 |   2620 |   4 |  821.5 |
       Dungeon |   3286 |   3087 |    199 |      0 |   2620 |   4 |  821.5 |
               +--------+--------+--------+--------+--------+-----+--------+

Top non-repeatable levels by time:
     D:1: 1121 daAuts
     D:3: 1046 daAuts
     D:2: 943 daAuts
     D:4: 174 daAuts
